 Seeded DCSS version 0.31-a0-167-g1c394c0614 (webtiles) character file.

Game seed: 6236403679062935775 (custom seed)

641478 SigmundSlayer the Crack Shot (level 26, -4/223 (244) HPs)
             Began as a Demigod Hunter on June 14, 2023.
             Killed from afar by a starcursed mass (19 damage)
             ... with an accursed screaming
             ... on level 12 of a ziggurat.
             The game lasted 01:30:12 (46299 turns).

SigmundSlayer the Crack Shot (Demigod Hunter)      Turns: 46299, Time: 01:30:13

HP:   -4/223 (244)  AC: 33    Str: 27    XL:     26   Next: 19%
MP:   30/30         EV: 27    Int: 21    God:
Gold: 4698          SH:  5    Dex: 38    Spells: 27/29 levels left

rFire   + + .        b - +8 demon blade "Leech" {evervamp, Harm Drain rN+}
rCold   + + .        (no shield)
rNeg    + + .        Q - +1 gold dragon scales
rPois   +            L - +2 helmet {Int+3}
rElec   +            n - +2 cloak {rCorr}
rCorr   +            i - +2 pair of gloves
SInv    .            H - +2 pair of boots
Will    ++...        Y - amulet of Due Proportion {Reflect rElec Str+6 SH+5} Stlth
                     U - ring "Qiotit" {Wiz rPois rN+ Str+2 Int+3}
HPRegen 0.00/turn    u - ring of Lies {rF+ rC+ rCorr}
MPRegen 0.22/turn

%: harm (+30% outgoing, +20% incoming), reflection, wizardry (x1)
@: on berserk cooldown, sick, slowed, wreathed by umbra, studying 4 skills,
drained, unable to drink, very slow
A: high MP 1, forlorn, divine attributes, talons 1, thin skeletal structure 1,
clever 1, electricity resistance, MP-powered wands, [clumsy 2], [deformed body],
[no potion heal 2], [subdued magic 2], [inability to drink after injury 2]
}: 3/15 runes: decaying, silver, gossamer
a: no special abilities


You were on level 12 of a ziggurat.
You visited 8 branches of the dungeon, and saw 42 of its levels.
You visited the Abyss 3 times.
You visited 1 ziggurat, and saw 12 of its levels.
You also visited: Trove, Ossuary, Bailey and Gauntlet.

You collected 7417 gold pieces.
You spent 2719 gold pieces at shops.

Inventory:

Hand Weapons
 a - the +27 heavy crossbow "Sniper" {heavy, Acc+∞ SInv}
   (You bought it in a shop on level 1 of the Dungeon)

   Acc+∞: It never misses its target.
   SInv:      It lets you see invisible.
 b - the +8 demon blade "Leech" (weapon) {evervamp, Harm Drain rN+}
   (You found it on level 6 of a ziggurat)

   rN:        It protects you from negative energy.
   Drain:     It drains your maximum health when unequipped.
   Harm:      It increases damage dealt and taken.
 m - a +9 triple crossbow of flaming
 W - the +3 Elemental Staff {rElec rF+ rC+ AC+3}
   (You found it on level 5 of the Vaults)

   It enhances your fire, ice, earth and air magic.
   AC:        It affects your AC (+3).
   rF:        It protects you from fire.
   rC:        It protects you from cold.
   rElec:     It insulates you from electricity.
 X - the +9 sword of Power {lifebolt}
   (You found it on level 7 of the Dungeon)
Missiles
 e - 12 throwing nets
Armour
 i - a +2 pair of gloves (worn)
 n - a +2 cloak of preservation (worn)
 H - a +2 pair of boots (worn)
 L - a +2 helmet of intelligence (worn)
 Q - +1 gold dragon scales (worn)
Jewellery
 u - the ring of Lies (right hand) {rF+ rC+ rCorr}
   (You found it on level 9 of a ziggurat)

   [ring of resist corrosion]

   rF:        It protects you from fire.
   rC:        It protects you from cold.
   rCorr:     It protects you from acid and corrosion.
 F - a ring of flight
 N - a ring of protection from fire
 R - the ring "Donim" {rC++ SInv}
   (You took it off a deep elf high priest on level 5 of the Vaults)

   [ring of see invisible]

   rC:        It greatly protects you from cold.
   SInv:      It lets you see invisible.
 U - the ring "Qiotit" (left hand) {Wiz rPois rN+ Str+2 Int+3}
   (You found it on level 5 of the Vaults)

   [ring of wizardry]

   It improves your spell success rate.
   Str:       It affects your strength (+2).
   Int:       It affects your intelligence (+3).
   rPois:     It protects you from poison.
   rN:        It protects you from negative energy.
 Y - the amulet of Due Proportion (around neck) {Reflect rElec Str+6 SH+5}
   (You found it on level 7 of a ziggurat)

   [amulet of reflection]

   It reflects blocked missile attacks.
   Str:       It affects your strength (+6).
   rElec:     It insulates you from electricity.
   SH:        It affects your SH (+5).
Wands
 c - a wand of iceblast (65)
 f - a wand of flame (138)
 l - a wand of polymorph (59)
 x - a wand of quicksilver (24)
 I - a wand of charming (53)
 M - a wand of digging (23)
 Z - a wand of mindburst (49)
Scrolls
 k - a scroll of fear
 q - 5 scrolls of poison
 t - 7 scrolls of teleportation
 w - 12 scrolls of fog
 y - 4 scrolls of silence
 D - a scroll of butterflies
 E - 4 scrolls of amnesia
 J - 7 scrolls of revelation
 P - 2 scrolls of brand weapon
 V - 30 scrolls of identify
Potions
 g - 5 potions of cancellation
 h - 7 potions of enlightenment
 j - 15 potions of curing
 o - 3 potions of berserk rage
 p - a potion of haste
 r - 9 potions of might
 s - 8 potions of mutation
 v - 6 potions of attraction
 z - a potion of resistance
 A - 5 potions of brilliance
 B - 4 potions of ambrosia
 O - 4 potions of magic
Miscellaneous
 T - a box of beasts


   Skills:
 - Level 21.4 Fighting
 + Level 5.1 Long Blades
 - Level 22.2 Ranged Weapons
 + Level 20.4 Armour
 - Level 21.3 Dodging
 - Level 6.8 Stealth
 - Level 2.2 Spellcasting
 - Level 2.5 Transmutations


You had 27 spell levels left.
You knew the following spells:

 Your Spells              Type           Power      Damage    Failure   Level
a - Wereblood             Tmut           8%         N/A       28%         2

Your spell library contained the following spells:

 Spells                   Type           Power      Damage    Failure   Level
 Sting                    Tmut/Pois      16%        1d3       32%         1
 Passwall                 Tmut/Erth      3%         N/A       45%         2
 Apportation              Tloc           2%         N/A       47%         1
 Kiss of Death            Conj/Necr      4%         2d5       47%         1
 Magic Dart               Conj           4%         1d3       47%         1
 Necrotise                Necr           4%         1d4       47%         1
 Sandblast                Erth           2%         2d4       47%         1
 Shock                    Conj/Air       4%         1d3       47%         1
 Summon Small Mammal      Summ           4%         N/A       47%         1
 Blink                    Tloc           2%         N/A       63%         2
 Call Imp                 Summ           2%         N/A       63%         2
 Cigotuvi's Dreadful Rot  Necr/Pois/Air  2%         N/A       63%         2
 Ensorcelled Hibernation  Hex/Ice        2%         N/A       63%         2
 Lesser Beckoning         Tloc           2%         N/A       63%         2
 Poisonous Vapours        Pois/Air       2%         N/A       63%         2
 Scorch                   Fire           2%         2d5       63%         2
 Sublimation of Blood     Necr           1%         N/A       63%         2
 Call Canine Familiar     Summ           1%         N/A       85%         3
 Confusing Touch          Hex            1%         N/A       85%         3
 Dazzling Flash           Conj/Hex       2%         N/A       85%         3
 Gell's Gravitas          Tloc           1%         N/A       85%         3
 Hailstorm                Conj/Ice       1%         3d3       85%         3
 Mephitic Cloud           Conj/Pois/Air  1%         N/A       85%         3
 Ozocubu's Armour         Ice            1%         N/A       85%         3
 Portal Projectile        Hex/Tloc       2%         N/A       85%         3
 Stone Arrow              Conj/Erth      2%         3d7       85%         3
 Summon Guardian Golem    Hex/Summ       1%         N/A       85%         3
 Swiftness                Air            1%         N/A       85%         3
 Teleport Other           Tloc           1%         N/A       85%         3
 Tukima's Dance           Hex            1%         N/A       85%         3
 Vhi's Electric Charge    Tloc/Air       2%         N/A       85%         3
 Airstrike                Air            0%         2d(1-17)  99%         4
 Animate Dead             Necr           1%         N/A       99%         4
 Dispel Undead            Necr           1%         3d6       99%         4
 Flame Wave               Conj/Fire      1%         2d4       99%         4
 Fulminant Prism          Conj/Hex       0%         3d5       99%         4
 Iskenderun's Mystic Bla  Conj/Tloc      1%         2d3       99%         4
 Olgreb's Toxic Radiance  Pois           1%         N/A       99%         4
 Passage of Golubria      Tloc           1%         N/A       99%         4
 Summon Ice Beast         Ice/Summ       1%         N/A       99%         4
 Blade Hands              Tmut           4%         N/A       99%         5
 Agony                    Necr           1%         N/A       100%        5
 Alistair's Intoxication  Tmut/Pois      2%         N/A       100%        5
 Arcjolt                  Conj/Air       0%         1d10      100%        5
 Borgnjor's Vile Clutch   Necr/Erth      0%         N/A       100%        5
 Freezing Cloud           Conj/Ice/Air   0%         6-21      100%        5
 Iskenderun's Battlesphe  Conj           1%         2d6       100%        5
 Metabolic Englaciation   Hex/Ice        0%         N/A       100%        5
 Silence                  Hex/Air        0%         N/A       100%        5
 Summon Mana Viper        Hex/Summ       1%         N/A       100%        5
 Yara's Violent Unravell  Hex/Tmut       2%         3d3       100%        5
 Death Channel            Necr           0%         N/A       100%        6
 Plasma Beam              Fire/Air       0%         2x1d10    100%        6
 Simulacrum               Ice/Necr       0%         N/A       100%        6
 Starburst                Conj/Fire      0%         6d3       100%        6
 Summon Cactus Giant      Summ           0%         N/A       100%        6
 Malign Gateway           Summ/Tloc      0%         N/A       100%        7
 Monstrous Menagerie      Summ           0%         N/A       100%        7
 Storm Form               Tmut/Air       2%         N/A       100%        7
 Summon Hydra             Summ           0%         N/A       100%        7
 Borgnjor's Revivificati  Necr           0%         N/A       100%        8
 Lehudib's Crystal Spear  Conj/Erth      0%         10d2      100%        8
 Maxwell's Capacitive Co  Air            0%         ∞         100%        8
 Necromutation            Tmut/Necr      2%         N/A       100%        8
 Chain Lightning          Conj/Air       0%         2d1       100%        9
 Death's Door             Necr           0%         N/A       100%        9
 Fire Storm               Conj/Fire      0%         6d1       100%        9
 Shatter                  Erth           0%         3d5*      100%        9


Dungeon Overview and Level Annotations

Branches:
Dungeon (15/15)            Temple (0/1) D:6            Lair (5/5) D:11
  Swamp (4/4) Lair:3       Spider (4/4) Lair:2        Slime (0/5) Lair:4
    Orc (2/2) D:10            Elf (3/3) Orc:2        Vaults (5/5) D:14
  Crypt (0/3) Vaults:2     Depths (4/4) D:15            Zot (0/5) Depths:4
Ossuary (visited)          Bailey (visited)         Gauntlet (visited)

Shops:
D:1 *   D:7 =   D:8 *   D:14 ??[(   Orc:1 *   Orc:2 ([(:   Elf:2 ?   Elf:3 (
Vaults:1 **[   Depths:1 *   Depths:2 ?

Portals:
Hell: Depths:1 Depths:2 Depths:3 Depths:4
Abyss: Depths:3 Depths:4
Pandemonium: Depths:2 Depths:4

Annotations:
D:10 2 transporters
Lair:1 2 transporters
Elf:2 3 runed translucent doors


Innate Abilities, Weirdness & Mutations

You have an increased reservoir of magic. (+10% MP)
You shall have no god before yourself.
Your divine heritage dramatically boosts your attributes as you level up.
You have sharp toenails.
You have a somewhat thin skeletal structure. (Dex +2, Stealth+)
Your mind is acute. (Int +4, Str/Dex -1)
You are resistant to electric shocks. (rElec)
You expend magic power (3 MP) to strengthen your wands.
[You are very clumsy. (Dex -4)]
[Armour fits poorly on your strangely shaped body.]
[Potions cannot restore your health.]
[Your spells are easier to cast, but less powerful.]
[You sometimes lose the ability to drink potions when taking damage.]


Message History

You slash the starcursed mass!
You destroy the starcursed mass!
The purple draconian shifter casts a spell at you.
You resist with some effort.
The purple draconian shifter gestures wildly while chanting.
The purple draconian shifter blinks!
A tentacle flies out from the starspawn's body!
A starspawn tentacle comes into view.
You slash the starcursed mass!
You destroy the starcursed mass!
An ancient zyme comes into view.
The profane servitor hits you with a +2 whip of electrocution.
* * * LOW HITPOINT WARNING * * *
The profane servitor hits you but does no damage.
The wretched star pulses with an eldritch light!
Your body twists and deforms.
An alligator comes into view.
A cacophony of accursed wailing tears at your sanity!
* * * LOW HITPOINT WARNING * * *
You suddenly lose the ability to move!
The starcursed mass touches you but does no damage.
The profane servitor barely misses you.
The profane servitor hits you but does no damage.
The profane servitor hits you with a +2 whip of electrocution.
* * * LOW HITPOINT WARNING * * *
The profane servitor hits you but does no damage.
A starcursed mass splits.
You can move again.
You hit the profane servitor but do no damage.
The profane servitor is moderately damaged.
The alligator changes into a broodmother!
The profane servitor hits you with a +2 whip of electrocution!
* * * LOW HITPOINT WARNING * * *
The profane servitor draws strength from your injuries!
The profane servitor misses you.
The purple draconian shifter mumbles some strange words.
The purple draconian shifter blinks!
A wraith comes into view.
A cacophony of accursed wailing tears at your sanity!
You die...

▓▓▓▓▓▓▓▓▓ ........▓
........▓ ......XX▓
▓▓ ......X@▓▓▓▓▓▓▓
... #.....##AX§...▓
...##.....##XXX...▓
............X3....▓
.3....W...X.XX...q▓
......X.XX..2**..∩▓
X..3.vXX.X..Xwv...▓
....x.zX.XX.s3....▓
...##.3x5X#A......▓


You could see a profane servitor, 10 starcursed masses, a broodmother shaped
shifter, a purple draconian shifter, a tentacled starspawn, a balrug, a spatial
maelstrom, 2 wretched stars, a sixfirhy, a smoke demon, a wraith and a starspawn
tentacle.

Vanquished Creatures
  A dread lich (Vaults:5)
  2 ancient liches
  Mara (Spider:3)
  A juggernaut (Zig:11)
  Boris (thrice) (Vaults:2 Vaults:4 Depths:4)
  A royal mummy (Zig:9)
  Bai Suzhen (Spider:3)
  The ghost of Olanal the Impregnable, a veteran AtFi of Gozag (Depths:1)
  3 caustic shrikes (Depths:3)
  The ghost of frimble the Peltast, a veteran OpWr of Cheibriados (Zig:2)
  2 caustic shrikes (shapeshifter) (Vaults:5)
  A golden dragon (shapeshifter) (Abyss:3)
  4 golden dragons
  3 bone dragons
  A Brimstone Fiend (Depths:2)
  Jorgrun (D:13)
  3 liches
  5 tentacled monstrosities
  4 hellephants
  A walking earthen tome (Depths:4)
  Rupert (Spider:1)
  3 deep elf blademasters (Elf:3)
  3 titans (Vaults:5)
  2 Hell Sentinels (Zig:8)
  A walking crystal tome (Abyss:3)
  3 quicksilver dragons (Vaults:5)
  Asterion (Spider:3)
  6 tentacled starspawn
  2 Executioners (Depths:2)
  4 sphinxes
  2 thorn hunters
  A tengu reaver (Depths:3)
  Kirke (D:15)
  4 shadow dragons
  4 storm dragons
  A revenant (Vaults:2)
  6 fire giants
  A draconian knight (Zig:5)
  10 frost giants
  A draconian scorcher (Depths:4)
  5 iron dragons
  10 deep elf sorcerers
  Aizul (Spider:4)
  16 vault wardens
  A balrug (Gauntlet)
  3 emperor scorpions
  2 fenstrider witches (Swamp:4)
  9 ghost moths
  4 spectral juggernauts (Depths:3)
  6 deep elf elementalists (Elf:3)
  3 spectral caustic shrikes (Depths:3)
  A draconian shifter (Zig:1)
  4 orc warlords
  An angel (Zig:12)
  4 draconian stormcallers (Depths:4)
  2 war gargoyles (Vaults:4)
  2 broodmothers
  2 spriggan defenders
  A cacodemon (Depths:2)
  2 formless jellyfish
  14 ironbound preservers
  A stone giant (shapeshifter) (Depths:2)
  3 vampire knights
  13 stone giants
  10 ironbound thunderhulks
  An ophan (Abyss:2)
  17 deep elf demonologists
  A black draconian (Depths:4)
  Nessos (D:15)
  2 yellow draconians
  8 deep elf annihilators
  3 bunyips
  A minotaur (Gauntlet)
  2 spectral titans (Depths:3)
  3 eleionomae
  13 spark wasps
  A white draconian (Zig:5)
  A red draconian (Zig:5)
  Azrael (Orc:2)
  3 purple draconians
  15 dire elephants
  2 eidola
  8 deep elf death magi
  2 green deaths
  A fire dragon (shapeshifter) (Vaults:5)
  2 blizzard demons
  An entropy weaver (shapeshifter) (Vaults:4)
  Josephine (D:13)
  An ettin (shapeshifter) (D:15)
  16 ettins
  An iron golem (Zig:8)
  7 fire dragons
  5 great orbs of eyes
  3 crystal guardians (Zig:8)
  9 deep elf high priests
  Fannar (Orc:1)
  6 entropy weavers
  5 spectral golden dragons (Depths:3)
  2 spectral spriggans (Depths:3)
  2 peacekeepers (Vaults:4)
  An ogre mage (Vaults:5)
  20 hydras
  17 yaktaur captains
  36 vault guards
  4 ice dragons
  A caustic shrike simulacrum (Depths:3)
  2 rakshasas (Depths:1)
  A juggernaut simulacrum (Depths:3)
  2 spectral shadow dragons (Depths:3)
  10 ironbound frosthearts
  A spectral tengu (Depths:3)
  7 boulder beetles
  5 radroaches
  A spectral sphinx (Depths:3)
  A spriggan air mage (Depths:2)
  A death yak (D:11)
  9 centaur warriors
  3 two-headed ogres
  A death knight (D:13)
  9 alligators
  8 hell hogs
  3 deep troll earth magi (Depths:4)
  2 spectral fire giants (Depths:3)
  2 spectral storm dragons (Depths:3)
  2 deep troll shamans
  8 demonic crawlers
  21 dancing weapons
  5 vampire magi (Depths:3)
  3 orc high priests
  2 spriggan berserkers
  Urug (D:14)
  5 thrashing horrors
  A tengu warrior (Depths:3)
  9 spriggans
  4 soul eaters
  A sun demon (Abyss:3)
  25 hell knights
  5 wretched stars
  A titan skeleton (Zig:9)
  6 iron trolls
  Amaemon (Lair:1)
  17 deep elf knights
  A spectral spark wasp (Depths:3)
  5 death drakes (Depths:3)
  A fire crab (Swamp:4)
  A sun moth (Spider:4)
  An iron troll (shapeshifter) (Vaults:5)
  6 goliath frogs
  2 flayed ghosts
  2 spectral death yaks (Lair:5)
  A deep troll (shapeshifter) (Vaults:5)
  A quicksilver dragon simulacrum (Depths:3)
  6 pharaoh ants
  4 skysharks
  14 orb spiders
  2 spectral iron dragons (Depths:3)
  10 lindwurms
  10 wizards
  8 deep elf archers
  A spectral anaconda (Lair:5)
  7 swamp dragons
  11 glowing orange brains
  5 spriggan druids
  3 spriggan simulacra
  39 deep trolls
  2 orange crystal statues (Depths:3)
  9 bog bodies
  Pikel (D:5)
  A sphinx zombie (Zig:9)
  9 orc knights
  10 steelbarb worms
  17 ironbound convokers
  An obsidian statue (Lair:5)
  23 deep elf zephyrmancers
  7 necromancers
  5 harpies
  40 deep elf pyromancers
  An oklob plant (Gauntlet)
  A steelbarb worm (shapeshifter) (Depths:4)
  23 wolf spiders
  9 phantasmal warriors
  9 large abominations
  38 ugly things
  4 orc sorcerers
  A shining eye (shapeshifter) (Elf:1)
  A salamander (D:15)
  A worldbinder (Gauntlet)
  3 cyclopes
  The ghost of jlumianski the Magician, a novice DjFE (D:6)
  3 will-o-the-wisps
  2 manticores
  2 elephants (shapeshifter)
  12 elephants
  A rust devil (Abyss:2)
  A black mamba (shapeshifter) (D:14)
  Maurice (D:10)
  2 dire elephant zombies (Lair:5)
  3 moths of wrath
  14 vault sentinels
  4 cane toads
  3 black mambas
  2 apocalypse crabs
  5 torpor snails
  A dire elephant skeleton (Lair:5)
  4 orange demons
  4 gargoyles
  3 smoke demons
  An unseen horror (D:11)
  2 hellions
  Psyche (D:10)
  4 rime drakes
  11 komodo dragons
  3 freezing wraiths
  An efreet (D:14)
  A kobold demonologist (D:9)
  A tormentor (Abyss:2)
  3 spectral glowing shapeshifters (Depths:3)
  2 storm dragon simulacra (Depths:3)
  22 yaktaurs
  2 tengu conjurers (Depths:3)
  3 ancient zymes
  2 golden dragon simulacra (Depths:3)
  2 guardian mummies (Zig:9)
  8 trolls
  4 meliai
  An ice devil (Depths:4)
  A wind drake (Zig:3)
  6 polar bears
  A tengu simulacrum (Depths:3)
  A bloated husk (Swamp:4)
  A polar bear (shapeshifter) (Zig:7)
  27 tarantellas
  A hornet (shapeshifter) (Depths:1)
  A sphinx simulacrum (Depths:3)
  7 raiju
  6 tyrant leeches
  3 spectral elephants (Lair:5)
  19 hornets
  Prince Ribbit (Bailey)
  A blink frog (shapeshifter) (D:10)
  2 flying skulls (Zig:9)
  18 blink frogs
  23 jumping spiders
  2 centaur simulacra (D:10)
  6 air elementals
  5 fire elementals
  31 slime creatures
  A spriggan (shapeshifter) (Vaults:5)
  2 shadows
  5 wyverns
  8 wraiths
  22 culicivoras
  2 vampires
  Eustachio (D:5)
  6 water elementals
  46 yaks
  Grum (D:8)
  8 basilisks
  A hog (shapeshifter) (Zig:7)
  67 redbacks
  3 neqoxecs
  18 humans
  5 golden eyes (Abyss:2)
  5 hogs (D:15)
  6 steam dragons
  A death yak simulacrum (Lair:5)
  A redback (shapeshifter) (Zig:7)
  10 vampire mosquitoes
  6 wargs
  2 spectral cane toads (Lair:5)
  3 chaos spawn
  13 swamp worms
  Menkaure (D:4)
  2 acid dragons
  Edmund (D:6)
  6 hell hounds
  A water moccasin (shapeshifter) (Vaults:5)
  A floating eye (Depths:3)
  22 water moccasins
  43 orc warriors
  3 sky beasts
  2 black bears
  4 ice beasts
  A boggart (Gauntlet)
  8 swamp drakes (Swamp:4)
  A black bear (shapeshifter) (Vaults:5)
  14 wolves
  3 centaurs
  14 ogres
  2 lemures
  22 bullfrogs
  2 earth elementals
  2 scorpions
  6 gnoll sergeants
  4 cane toad simulacra (Lair:5)
  3 glowing shapeshifter simulacra (Depths:3)
  6 wights
  17 killer bees
  8 howler monkeys
  13 electric eels
  5 jellies
  3 quasits (Abyss:2)
  A hound (shapeshifter) (Vaults:5)
  11 hounds
  6 gnoll boudas
  33 orc priests
  2 starcursed masses (Zig:12)
  5 iguanas
  3 sleepcaps
  27 orc wizards
  7 small abominations
  6 mummies
  51 gnolls
  9 adders
  10 river rats (D:6)
  5 shadow imps
  5 white imps
  4 ufetubi
  2 worms (D:2)
  5 dart slugs
  95 orcs
  6 endoplasms
  4 giant cockroaches
  16 goblins
  12 hobgoblins
  10 jackals
  9 quokkas
  A ball python (D:2)
  6 bats
  2 frilled lizards
  2 goblin zombies (Ossuary)
  4 hobgoblin zombies (Ossuary)
  5 kobolds
  5 kobold zombies (Ossuary)
  19 rats
  2 lurking horrors
  4 starspawn tentacles
2148 creatures vanquished.

Vanquished Creatures (collateral kills)
  A mummy priest (Zig:9)
  An orc sorcerer (Zig:11)
  A moth of wrath (Zig:11)
  A guardian mummy (Zig:9)
  A tengu simulacrum (Zig:9)
  An ushabti (Zig:9)
  A human zombie (Zig:9)
  A mummy (Zig:9)
8 creatures vanquished.

Vanquished Creatures (others)
  A fire giant (Vaults:5)
  A guardian mummy (Zig:9)
  A centaur simulacrum (D:14)
  A steam dragon (Swamp:4)
  2 swamp drakes (Swamp:4)
  An orc warrior (Zig:11)
  A butterfly (D:9)
  A foxfire (Swamp:3)
  A lurking horror (Abyss:3)
  15 starspawn tentacles
25 creatures vanquished.

Grand Total: 2181 creatures vanquished

Notes
Turn   | Place    | Note
-------+----------+-------------------------------------------
     0 | D:1      | SigmundSlayer the Demigod Hunter began the quest for the
                  | Orb.
     0 | D:1      | Reached XP level 1. HP: 17/17 MP: 3/3
    37 | D:1      | Found Icenk's Assorted Antiques.
   146 | D:1      | Reached XP level 2. HP: 24/24 MP: 4/4
   461 | D:1      | Reached skill level 4 in Ranged Weapons
   461 | D:1      | Reached XP level 3. HP: 30/30 MP: 5/5
  1700 | D:3      | Reached XP level 4. HP: 34/37 MP: 6/6
  2388 | D:4      | Reached XP level 5. HP: 39/45 MP: 7/7
  2805 | D:5      | Entered Level 5 of the Dungeon
  2833 | D:4      | Reached XP level 6. HP: 52/52 MP: 8/8
  2948 | D:4      | Reached skill level 5 in Ranged Weapons
  3004 | D:5      | Noticed Menkaure
  3012 | D:4      | HP: 1/52 [Menkaure (20)]
  3014 | D:4      | Killed Menkaure
  3436 | D:5      | Noticed Eustachio
  3729 | D:5      | Reached XP level 7. HP: 60/60 MP: 9/9
  3869 | D:5      | Killed Eustachio
  3870 | D:5      | Reached skill level 5 in Fighting
  3870 | D:5      | Reached skill level 6 in Ranged Weapons
  3870 | D:5      | Reached skill level 5 in Dodging
  3973 | D:5      | Noticed Pikel
  4022 | D:5      | Killed Pikel
  4023 | D:5      | Reached XP level 8. HP: 70/70 MP: 10/10
  4224 | D:5      | Reached skill level 7 in Ranged Weapons
  4846 | D:6      | Found a staircase to the Ecumenical Temple.
  4920 | D:6      | Reached XP level 9. HP: 78/78 MP: 11/11
  5436 | D:6      | Noticed jlumianski's ghost (novice DjFE)
  5448 | D:6      | Found a runed translucent door.
  5558 | D:6      | Noticed Edmund
  5574 | D:6      | Killed Edmund
  5780 | D:6      | Killed jlumianski's ghost
  5781 | D:6      | Reached skill level 8 in Ranged Weapons
  5891 | D:7      | Found the +9 sword of Power {lifebolt}
  6194 | D:7      | Found Iciekh's Jewellery Boutique.
  7600 | D:8      | Noticed Grum
  7642 | D:7      | Reached XP level 10. HP: 44/88 MP: 13/13
  7779 | D:8      | Killed Grum
  7821 | D:8      | Found a sand-covered staircase.
  7829 | Ossuary  | Entered an ossuary
  8355 | D:8      | Reached skill level 9 in Ranged Weapons
  8417 | D:8      | Found Vivusuack's General Store.
  8886 | D:8      | Identified the +8 flail "Humyq" {flame, rF+ rC+ Dex-3}
  9075 | D:9      | Reached skill level 1 in Armour
  9173 | D:9      | Found a flagged portal.
  9188 | Bailey   | Entered a bailey
  9267 | Bailey   | Noticed Prince Ribbit
  9267 | Bailey   | Noticed a vault guard
  9293 | Bailey   | Killed Prince Ribbit
  9306 | Bailey   | Killed a vault guard
  9424 | Bailey   | Noticed a vault guard
  9442 | Bailey   | Killed a vault guard
  9451 | Bailey   | Gained mutation: Your system is resistant to poisons.
                  | (rPois) [potion of mutation]
  9451 | Bailey   | Gained mutation: Your natural rate of healing is unusually
                  | fast. [potion of mutation]
  9451 | Bailey   | Gained mutation: You are agile. (Dex +4, Str/Int -1)
                  | [potion of mutation]
  9583 | D:9      | Found a large runed translucent door.
  9584 | D:9      | Found a large runed translucent door.
  9831 | D:9      | Noticed a rust devil
  9922 | D:10     | Entered Level 10 of the Dungeon
  9969 | D:9      | Reached XP level 11. HP: 93/97 MP: 14/14
  9997 | D:10     | Noticed Maurice
 10018 | D:10     | Killed Maurice
 10019 | D:10     | Reached skill level 10 in Ranged Weapons
 10086 | D:10     | Found a staircase to the Orcish Mines.
 10164 | D:10     | Noticed Psyche
 10169 | D:10     | Killed Psyche
 10288 | D:10     | Found a transporter.
 10323 | D:10     | Found a transporter.
 10560 | D:10     | Reached skill level 10 in Fighting
 10655 | D:11     | Noticed a death yak
 10663 | D:11     | Killed a death yak
 10664 | D:11     | Reached skill level 5 in Armour
 10675 | D:11     | Reached skill level 10 in Dodging
 10712 | D:11     | Found a staircase to the Lair.
 11590 | D:12     | Noticed a deep elf pyromancer
 11619 | D:12     | Killed a deep elf pyromancer
 11705 | D:12     | Found a portal to a secret trove of treasure.
 11707 | D:12     | Noticed a two-headed ogre
 11711 | D:12     | Killed a two-headed ogre
 11712 | D:12     | Reached XP level 12. HP: 108/108 MP: 15/15
 11807 | D:12     | Reached skill level 11 in Ranged Weapons
 12411 | D:13     | Noticed a centaur warrior
 12418 | D:13     | Killed a centaur warrior
 12509 | D:13     | Noticed Josephine
 12515 | D:13     | Killed Josephine
 12554 | D:13     | Noticed Jorgrun
 12566 | D:13     | Killed Jorgrun
 12587 | D:13     | Noticed a death knight
 12610 | D:13     | Killed a death knight
 13076 | Lair:1   | Entered Level 1 of the Lair of Beasts
 13131 | Lair:1   | Noticed Amaemon
 13137 | Lair:1   | Killed Amaemon
 13326 | Lair:1   | Found a transporter.
 13327 | Lair:1   | Found a transporter.
 13470 | Lair:1   | Reached XP level 13. HP: 109/117 MP: 16/16
 13505 | Lair:1   | Reached skill level 12 in Ranged Weapons
 14039 | Lair:2   | Found a hole to the Spider Nest.
 14980 | Lair:3   | Found a staircase to the Swamp.
 15787 | Lair:4   | Found a gate leading to a gauntlet.
 15796 | Gauntlet | Entered a Gauntlet
 15796 | Gauntlet | Found a transporter.
 15812 | Gauntlet | Found a transporter.
 15839 | Gauntlet | Found a transporter.
 15842 | Gauntlet | Found a transporter.
 15854 | Gauntlet | Found a transporter.
 15854 | Gauntlet | Found a transporter.
 15855 | Gauntlet | Found a transporter.
 15880 | Gauntlet | Found a transporter.
 15880 | Gauntlet | Found a transporter.
 15880 | Gauntlet | Found a transporter.
 15910 | Gauntlet | Found a transporter.
 15920 | Gauntlet | Found a transporter.
 15920 | Gauntlet | Found a transporter.
 15921 | Gauntlet | Identified the +0 helmet of Murotisk {Regen+ Int+3}
 15928 | Gauntlet | Noticed a balrug
 15931 | Gauntlet | Found a transporter.
 15938 | Gauntlet | Killed a balrug
 15979 | Gauntlet | Identified the ring "Fifen" {Ice +Blink Str+2 Int+5}
 15979 | Gauntlet | Noticed a minotaur
 15993 | Gauntlet | Killed a minotaur
 16011 | Gauntlet | Identified the +0 scale mail "Bickimoa" {rC- Will+ Dex+4}
 16012 | Gauntlet | Got the Catalogue of Incandescence and Percussion
 16012 | Gauntlet | Got the Papyrus of Conjury
 16325 | Lair:4   | Found a staircase to the Slime Pits.
 17018 | Lair:5   | Entered Level 5 of the Lair of Beasts
 17182 | Lair:5   | Noticed a dire elephant
 17183 | Lair:5   | Noticed a dire elephant
 17219 | Lair:5   | Reached skill level 13 in Ranged Weapons
 17245 | Lair:5   | Reached XP level 14. HP: 123/127 MP: 17/17
 17724 | Lair:5   | Gained mutation: You are weak. (Str -2) [a neqoxec]
 18117 | D:14     | Noticed Urug
 18118 | D:14     | Reached skill level 10 in Armour
 18170 | D:14     | Killed Urug
 18387 | D:14     | Found a gate to the Vaults.
 18430 | D:14     | Found Doumeret's Magic Scroll Shop.
 18491 | D:14     | Found Ziuff's Antique Weapon Shop.
 18536 | D:14     | Found Ryguofeu's Magic Scroll Shoppe.
 18676 | D:14     | Found Fuittaw's Armour Emporium.
 18753 | D:15     | Entered Level 15 of the Dungeon
 18817 | D:15     | Noticed Nessos
 18820 | D:15     | Killed Nessos
 18884 | D:15     | Found a staircase to the Depths.
 19306 | D:15     | Noticed Kirke
 19322 | D:15     | Killed Kirke
 19584 | Orc:1    | Entered Level 1 of the Orcish Mines
 19613 | Orc:1    | Reached skill level 14 in Ranged Weapons
 19777 | Orc:2    | Entered Level 2 of the Orcish Mines
 19873 | Orc:2    | Found a staircase to the Elven Halls.
 19928 | Orc:2    | Noticed Azrael
 19934 | Orc:2    | Killed Azrael
 19935 | Orc:2    | Reached XP level 15. HP: 81/137 MP: 18/18
 20372 | Orc:2    | Found Curonim's Antique Weapon Boutique.
 20374 | Orc:2    | Found Emuc Doi's Antique Armour Shop.
 20498 | Orc:2    | Found Giudaeb's Book Emporium.
 20542 | Orc:2    | Found Mann's Weapon Shoppe.
 20574 | Orc:1    | Found Dahappau's General Store.
 20685 | Orc:1    | Noticed Fannar
 20696 | Orc:1    | Killed Fannar
 20957 | D:1      | Bought the +27 heavy crossbow "Sniper" {heavy, Acc+∞ SInv}
                  | for 2080 gold pieces
 20957 | D:1      | Found the +27 heavy crossbow "Sniper" {heavy, Acc+∞ SInv}
 20957 | D:1      | Bought 2 potions of heal wounds for 260 gold pieces
 21202 | Swamp:1  | Entered Level 1 of the Swamp
 21396 | Swamp:1  | Identified the +1 pair of boots "Uforuhaufo" {-Tele Harm
                  | *Slow rCorr}
 22208 | Swamp:2  | You fall into a shaft and drop 1 floor!
 22405 | Swamp:2  | Noticed a thorn hunter
 22407 | Swamp:2  | Killed a thorn hunter
 23023 | Swamp:4  | Entered Level 4 of the Swamp
 23048 | Swamp:4  | Noticed a thorn hunter
 23050 | Swamp:4  | Killed a thorn hunter
 23078 | Swamp:4  | Noticed a fenstrider witch
 23081 | Swamp:4  | Killed a fenstrider witch
 23087 | Swamp:4  | Reached skill level 15 in Ranged Weapons
 23097 | Swamp:4  | Reached XP level 16. HP: 138/147 MP: 19/19
 23237 | Swamp:4  | Reached skill level 15 in Fighting
 23334 | Swamp:4  | Got a decaying rune of Zot
 23468 | Swamp:4  | Reached skill level 15 in Dodging
 23742 | Spider:1 | Entered Level 1 of the Spider Nest
 23803 | Spider:1 | Noticed Rupert
 23804 | Spider:1 | Killed Rupert
 24241 | Spider:1 | Lost mutation: Your natural rate of healing is unusually
                  | fast. [potion of mutation]
 24241 | Spider:1 | Lost mutation: You are agile. (Dex +4, Str/Int -1) [potion
                  | of mutation]
 24241 | Spider:1 | Lost mutation: You are weak. (Str -2) [potion of mutation]
 25220 | Spider:3 | Noticed Mara
 25222 | Spider:3 | Noticed SigmundSlayer's illusion
 25223 | Spider:3 | Paralysed by a Zot trap for 4 turns
 25276 | Spider:3 | Noticed SigmundSlayer's illusion
 25277 | Spider:3 | Killed Mara
 25295 | Spider:3 | Gained mutation: You are dopey. (Int -2) [mutagenic glow]
 25300 | Spider:3 | Gained mutation: You are vulnerable to cold. (rC-)
                  | [mutagenic glow]
 25382 | Spider:3 | Noticed Asterion
 25384 | Spider:3 | Killed Asterion
 25482 | Spider:3 | Lost mutation: You are dopey. (Int -2) [potion of mutation]
 25482 | Spider:3 | Lost mutation: Your system is resistant to poisons. (rPois)
                  | [potion of mutation]
 25482 | Spider:3 | Gained mutation: You expend magic power (3 MP) to
                  | strengthen your wands. [potion of mutation]
 25482 | Spider:3 | Gained mutation: Your mind is acute. (Int +4, Str/Dex -1)
                  | [potion of mutation]
 25483 | Spider:3 | Lost mutation: You expend magic power (3 MP) to strengthen
                  | your wands. [potion of mutation]
 25483 | Spider:3 | Lost mutation: Your mind is acute. (Int +4, Str/Dex -1)
                  | [potion of mutation]
 25483 | Spider:3 | Gained mutation: Your body sometimes deteriorates upon
                  | taking damage. [potion of mutation]
 25483 | Spider:3 | Gained mutation: You have hidden genetic potential. [potion
                  | of mutation]
 25489 | Spider:3 | Reached skill level 16 in Ranged Weapons
 25503 | Spider:3 | Reached XP level 17. HP: 125/158 MP: 20/20
 25623 | Spider:3 | Noticed Bai Suzhen
 25637 | Spider:3 | Paralysed by a hornet for 1 turns
 25639 | Spider:3 | Killed Bai Suzhen
 26206 | Spider:4 | Entered Level 4 of the Spider Nest
 26358 | Spider:4 | Noticed Aizul
 26362 | Spider:4 | Killed Aizul
 26461 | Spider:4 | Identified the ring of the Mackerel {Fly rElec}
 27169 | Spider:4 | Paralysed by a hornet for 2 turns
 27243 | Spider:4 | Identified the scarf "Momeesm" {shadows, *Slow rPois rF+}
 27256 | Spider:4 | Got a gossamer rune of Zot
 27262 | Spider:4 | Lost mutation: You are vulnerable to cold. (rC-) [potion of
                  | mutation]
 27262 | Spider:4 | Lost mutation: Your body sometimes deteriorates upon taking
                  | damage. [potion of mutation]
 27262 | Spider:4 | Lost mutation: You have hidden genetic potential. [potion
                  | of mutation]
 27262 | Spider:4 | Gained mutation: You are partially covered in iridescent
                  | scales. (AC +2) [potion of mutation]
 27262 | Spider:4 | Lost mutation: You are partially covered in iridescent
                  | scales. (AC +2) [potion of mutation]
 27262 | Spider:4 | Gained mutation: Your mind is acute. (Int +4, Str/Dex -1)
                  | [potion of mutation]
 27263 | Spider:4 | Lost mutation: Your mind is acute. (Int +4, Str/Dex -1)
                  | [potion of mutation]
 27263 | Spider:4 | Gained mutation: You are dopey. (Int -2) [potion of
                  | mutation]
 27263 | Spider:4 | Gained mutation: [Your spells are a little easier to cast,
                  | but a little less powerful.] [potion of mutation]
 27263 | Spider:4 | Gained mutation: You are partially covered in iridescent
                  | scales. (AC +2) [potion of mutation]
 27549 | Vaults:1 | Entered Level 1 of the Vaults
 27951 | Vaults:1 | Found Ogiamnia's Antique Armour Shop.
 28124 | Vaults:1 | Paralysed by a formless jellyfish for 1 turns
 28126 | Vaults:1 | Paralysed by a formless jellyfish for 1 turns
 28270 | Vaults:1 | Reached XP level 18. HP: 167/168 MP: 21/21
 28279 | Vaults:1 | Reached skill level 17 in Ranged Weapons
 28300 | Vaults:1 | Found Velurul's Assorted Antiques.
 28594 | Vaults:1 | Found Qoucuyvu's General Store.
 28602 | Vaults:1 | Bought a scroll of enchant armour for 127 gold pieces
 28850 | Depths:1 | Entered Level 1 of the Depths
 28924 | Depths:1 | Found a runed translucent gate.
 28926 | Depths:1 | Found a runed translucent gate.
 28927 | Depths:1 | Noticed a golden dragon
 28929 | Depths:1 | Found a runed translucent gate.
 28930 | Depths:1 | Noticed Olanal's ghost (veteran AtFi)
 29029 | Depths:1 | Found Oguce's Gadget Gallery.
 29108 | Depths:1 | Found a gateway to Hell.
 29114 | Depths:1 | Reached skill level 15 in Armour
 29674 | Depths:1 | Killed Olanal's ghost
 29680 | Depths:1 | Killed a golden dragon
 29814 | Depths:1 | Identified the ring of Zoifoirph {Str+3 Dex+6}
 29819 | Depths:1 | Identified the staff of earth "Segozxo" {Int+3 Dex+3}
 29936 | Depths:2 | Found Lilou's Magic Scroll Boutique.
 30252 | Depths:2 | Identified the +8 sling of the Revolution {speed, rF+
                  | Will+}
 30340 | Depths:2 | Noticed a Brimstone Fiend
 30341 | Depths:2 | Killed a Brimstone Fiend
 30402 | Depths:2 | Identified the +8 chain mail "Ohiabidezizo" {Harm rPois}
 30404 | Depths:2 | Identified the +0 chain mail "Ivequvao" {+Blink rCorr
                  | Stlth+}
 30459 | Depths:2 | Identified the +6 demon whip of the Weasel {venom, Str+4}
 30717 | Depths:2 | Found a one-way gate leading to the halls of Pandemonium.
 30752 | Depths:2 | Reached XP level 19. HP: 178/178 MP: 22/22
 30752 | Depths:2 | Lost mutation: You are partially covered in iridescent
                  | scales. (AC +2) [potion of mutation]
 30752 | Depths:2 | Lost mutation: You are dopey. (Int -2) [potion of mutation]
 30752 | Depths:2 | Lost mutation: [Your spells are a little easier to cast,
                  | but a little less powerful.] [potion of mutation]
 30752 | Depths:2 | Gained mutation: You are weak. (Str -2) [potion of
                  | mutation]
 30752 | Depths:2 | Lost mutation: You are weak. (Str -2) [potion of mutation]
 30753 | Depths:2 | Gained mutation: You have a somewhat thin skeletal
                  | structure. (Dex +2, Stealth+) [potion of mutation]
 30753 | Depths:2 | Gained mutation: [Potions are less effective at restoring
                  | your health.] [potion of mutation]
 30753 | Depths:2 | Gained mutation: [You are clumsy. (Dex -2)] [potion of
                  | mutation]
 30753 | Depths:2 | Gained mutation: You have a pair of small horns on your
                  | head. [potion of mutation]
 30754 | Depths:2 | Lost mutation: You have a somewhat thin skeletal structure.
                  | (Dex +2, Stealth+) [potion of mutation]
 30754 | Depths:2 | Lost mutation: [You are clumsy. (Dex -2)] [potion of
                  | mutation]
 30754 | Depths:2 | Gained mutation: You are resistant to electric shocks.
                  | (rElec) [potion of mutation]
 30754 | Depths:2 | Gained mutation: Your flesh is cold resistant. (rC+)
                  | [potion of mutation]
 30754 | Depths:2 | Lost mutation: Your flesh is cold resistant. (rC+) [potion
                  | of mutation]
 30755 | Depths:2 | Lost mutation: You have a pair of small horns on your head.
                  | [potion of mutation]
 30755 | Depths:2 | Lost mutation: [Potions are less effective at restoring
                  | your health.] [potion of mutation]
 30755 | Depths:2 | Gained mutation: You have sharp toenails. [potion of
                  | mutation]
 30755 | Depths:2 | Gained mutation: Your mind is acute. (Int +4, Str/Dex -1)
                  | [potion of mutation]
 30755 | Depths:2 | Gained mutation: You expend magic power (3 MP) to
                  | strengthen your wands. [potion of mutation]
 30755 | Depths:2 | Gained mutation: You have a somewhat thin skeletal
                  | structure. (Dex +2, Stealth+) [potion of mutation]
 30814 | Depths:3 | Reached skill level 18 in Ranged Weapons
 31681 | Depths:3 | Noticed an ancient lich
 31684 | Depths:3 | Killed an ancient lich
 32011 | Depths:3 | Paralysed by a floating eye for 3 turns
 32155 | Depths:3 | Identified the +0 plate armour of Optimism {Slay+5}
 32161 | Depths:3 | Reached XP level 20. HP: 189/189 MP: 24/24
 32210 | Depths:3 | Paralysed by a floating eye for 3 turns
 32239 | Depths:3 | Found a one-way gate to the infinite horrors of the Abyss.
 32245 | Depths:3 | Identified the staff of fire "Qoeshrub" {rF+ rC+}
 32413 | Abyss:2  | Cast into level 2 of the Abyss (a wizard)
 32890 | Vaults:2 | Escaped the Abyss
 32916 | Vaults:2 | Noticed Boris
 32922 | Vaults:2 | Killed Boris
 33475 | Vaults:2 | Reached XP level 21. HP: 195/195 MP: 25/25
 33701 | Vaults:2 | Found a staircase to the Crypt.
 33776 | Vaults:2 | Reached skill level 19 in Ranged Weapons
 34606 | Vaults:3 | Paralysed by a great orb of eyes for 5 turns
 35553 | Vaults:4 | Identified the +0 leather armour of Devotion {rF+ Will+
                  | Int-5}
 36589 | Vaults:5 | Entered Level 5 of the Vaults
 36589 | Vaults:5 | Noticed Boris
 36594 | Vaults:4 | Killed Boris
 36904 | Vaults:5 | Reached XP level 22. HP: 190/207 MP: 26/26
 36904 | Vaults:5 | Noticed a dread lich
 36911 | Abyss:3  | Cast into level 3 of the Abyss (a deep elf sorcerer)
 37010 | Vaults:5 | Escaped the Abyss
 37161 | Vaults:5 | Reached skill level 20 in Ranged Weapons
 37240 | Vaults:5 | Identified the +3 buckler "Jeiterr" {Dex+3}
 37310 | Vaults:5 | Identified the ring "Xuimash Murph" {Wiz Int+4 Slay+3
                  | Stlth+}
 37404 | Vaults:5 | Identified the +4 flail of Change {chaos, rF+ MP+9 Str+3}
 37433 | Vaults:5 | Killed a dread lich
 37471 | Vaults:5 | Identified the +10 trident of Butchery {protect, Dex+5
                  | Stlth+}
 37471 | Vaults:5 | Identified the ring "Donim" {rC++ SInv}
 37501 | Vaults:5 | Noticed a juggernaut
 37502 | Vaults:5 | a juggernaut changed into a caustic shrike
 37502 | Vaults:5 | Noticed a caustic shrike (glowing shapeshifter)
 37503 | Vaults:5 | Killed a caustic shrike
 37560 | Vaults:5 | an iron giant changed into a caustic shrike
 37560 | Vaults:5 | Noticed a caustic shrike (glowing shapeshifter)
 37561 | Vaults:5 | Killed a caustic shrike
 37669 | Vaults:5 | Identified the staff of conjuration "Koenyjiuh" {rPois
                  | Will+ Dex+4 Stlth-}
 38083 | Vaults:5 | Found the +3 Elemental Staff {rElec rF+ rC+ AC+3}
 38102 | Vaults:5 | Got a silver rune of Zot
 38107 | Vaults:5 | Identified the ring "Qiotit" {Wiz rPois rN+ Str+2 Int+3}
 38409 | D:12     | You paid a toll of +3 storm dragon scales to enter a
                  | treasure trove
 38410 | Trove    | Entered a treasure trove
 38426 | Trove    | Identified the +0 longbow "Tege" {antimagic, rElec rF+ rN+
                  | Will+}
 38429 | Trove    | Identified the +4 quarterstaff of Earthquakes {heavy, rN+
                  | Int+2}
 38648 | Depths:4 | Entered Level 4 of the Depths
 38707 | Depths:4 | Found a one-way gateway to a ziggurat.
 38943 | Depths:4 | Noticed Boris
 38945 | Depths:4 | Killed Boris
 38951 | Depths:4 | Found a gate to the Realm of Zot.
 39014 | Depths:4 | Noticed a caustic shrike
 39016 | Depths:4 | Noticed a caustic shrike
 39017 | Depths:4 | Noticed a caustic shrike
 39036 | Depths:3 | Killed a caustic shrike
 39040 | Depths:3 | Killed a caustic shrike
 39176 | Depths:3 | Killed a caustic shrike
 39686 | Depths:4 | Reached XP level 23. HP: 174/211 MP: 27/27
 40587 | Elf:1    | Entered Level 1 of the Elven Halls
 40670 | Elf:1    | Reached skill level 1 in Long Blades
 41916 | Elf:2    | Found Moggeo's Magic Scroll Shop.
 41926 | Elf:2    | Bought a scroll of summoning for 114 gold pieces
 41926 | Elf:2    | Bought a scroll of fear for 48 gold pieces
 41926 | Elf:2    | Bought a scroll of blinking for 90 gold pieces
 42164 | Elf:2    | Found a runed translucent gate.
 42165 | Elf:2    | Found a runed translucent gate.
 42165 | Elf:2    | Found a runed translucent gate.
 42398 | Elf:3    | Entered Level 3 of the Elven Halls
 42432 | Elf:3    | Reached skill level 21 in Ranged Weapons
 42623 | Elf:3    | Found Tiasipic's Antique Weapon Emporium.
 42639 | Elf:3    | Reached skill level 5 in Long Blades
 42801 | Elf:3    | Identified the +0 scale mail of the Constellations {Drain
                  | rC+ Stlth+}
 43152 | Abyss:3  | Cast into level 3 of the Abyss (a ghostly deep elf
                  | sorcerer)
 43493 | Elf:3    | Escaped the Abyss
 43682 | Elf:3    | Identified the +4 war axe "Oruosuy" {heavy, +Blink}
 43691 | Elf:3    | Identified the +7 morningstar of an ossuary {pain, rC+ rN+
                  | Will+++ Dex-2}
 43694 | Elf:3    | Identified the +1 halberd of Qaza Ifiu {heavy, rPois Str+2}
 43702 | Elf:3    | Identified the +2 plate armour "Epax" {rN+ Regen+ Dex+2}
 43791 | Elf:3    | Learned a level 2 spell: Wereblood
 43806 | Elf:3    | Identified the +2 ring mail of the Unbroken {rElec rC+
                  | Str-5}
 43822 | Elf:3    | Got the Disquisition on Injurious Direction
 43830 | Elf:3    | Identified the ring "Jyhuh" {rF- Str+3 Int+6 SInv}
 43843 | Elf:3    | Identified the staff of earth "Wamm" {Fragile rPois Int+2}
 43848 | Elf:3    | Identified the +4 mace of Bankruptcy {protect, rF+ Str+4
                  | Int+3}
 44301 | Zig:1    | Entered Level 1 of a ziggurat
 44317 | Zig:2    | Entered Level 2 of a ziggurat
 44318 | Zig:2    | Noticed frimble's ghost (veteran OpWr)
 44320 | Zig:2    | Killed frimble's ghost
 44363 | Zig:3    | Entered Level 3 of a ziggurat
 44389 | Zig:4    | Entered Level 4 of a ziggurat
 44393 | Zig:4    | Reached skill level 1 in Transmutations
 44397 | Zig:4    | Reached skill level 1 in Spellcasting
 44437 | Zig:5    | Entered Level 5 of a ziggurat
 44467 | Zig:5    | Reached XP level 24. HP: 228/228 MP: 29/29
 44491 | Zig:5    | Identified the staff of fire "Hepsog" {rF+ Str+5 Int-2}
 44505 | Zig:6    | Entered Level 6 of a ziggurat
 44634 | Zig:6    | Found the +8 demon blade "Leech" {evervamp, Harm Drain rN+}
 44662 | Zig:7    | Entered Level 7 of a ziggurat
 44673 | Zig:7    | Noticed an ancient lich
 44676 | Zig:7    | Killed an ancient lich
 44802 | Zig:7    | Identified the amulet of Due Proportion {Reflect rElec
                  | Str+6 SH+5}
 44850 | Zig:7    | Identified the staff of poison "Heiloym" {rPois rF+ SInv}
 44874 | Zig:8    | Entered Level 8 of a ziggurat
 44902 | Zig:8    | Reached XP level 25. HP: 43/236 MP: 30/30
 44910 | Zig:8    | HP: 8/236 [iron golem (31)]
 45297 | Zig:8    | Identified the staff of cold "Tarus" {rElec rF+ rC+ rN+}
 45334 | Zig:8    | Identified the staff of poison "Foirua" {rPois Int+4}
 45341 | Zig:8    | Identified the amulet of the Flying Philosopher {RegenMP
                  | Slay+2}
 45380 | Zig:9    | Entered Level 9 of a ziggurat
 45395 | Zig:9    | Noticed a royal mummy
 45398 | Zig:9    | Killed a royal mummy
 45816 | Zig:9    | Identified the ring of Lies {rF+ rC+ rCorr}
 45842 | Zig:10   | Entered Level 10 of a ziggurat
 45946 | Zig:10   | Reached XP level 26. HP: 244/244 MP: 30/30
 45947 | Zig:10   | Identified the +0 scale mail "Jonug" {rPois rC- Stlth+}
 45951 | Zig:10   | Identified the staff of fire "Ruemil" {rElec rF+ rN+ Int+3
                  | Dex+4}
 46086 | Zig:11   | Entered Level 11 of a ziggurat
 46108 | Zig:11   | Noticed a juggernaut
 46110 | Zig:11   | Reached skill level 22 in Ranged Weapons
 46112 | Zig:11   | Killed a juggernaut
 46227 | Zig:11   | Got the Dissertation on the Blazing Geodesic
 46234 | Zig:11   | Identified the ring of Vodka {*Corrode rN+ Str+2 Int+3
                  | Dex+6}
 46256 | Zig:12   | Entered Level 12 of a ziggurat
 46288 | Zig:12   | Paralysed by accursed screaming for 2 turns
 46297 | Zig:12   | Paralysed by accursed screaming for 2 turns
 46299 | Zig:12   | Killed from afar by a starcursed mass

Illustrated notes

Levels and vault maps discovered:
D:1:      dpeg_arrival_rooms_a, layout_basic, serial_shops,
          nicolae_shop_waterfront, minmay_cupped
D:2:      layout_basic
D:3:      layout_basic, mainiacjoe_overflow_tiny_flanked,
          nicolae_elevator_lobby_plus
D:4:      layout_basic
D:5:      layout_cave_pools, serial_gnoll_camp, gnoll_camp_mini_loothouse,
          gnoll_camp_mini_basic, gnoll_camp_huts_moat, gnoll_camp_mini_basic,
          serial_bayou_lake_a, uniq_pikel, uniq_menkaure, uniq_eustachio
D:6:      lemuel_ratsnest, layout_basic, minmay_temple_entry_wispy,
          hellmonk_ghost_happy_afterlife, uniq_edmund
D:7:      layout_layer_cave, serial_shops, nicolae_inconvenience_store,
          serial_bayou_lagoon_b
D:8:      layout_basic, nicolae_ossuary_entry_monument, serial_shops,
          nicolae_square_shop, uniq_grum
D:9:      layout_rooms, nicolae_elyvilon_peaceful_grove, jmf_multi_god_temple2,
          enter_bailey_5
D:10:     layout_basic, fedhas_altar_1, minmay_orc_entry_temple_small,
          serial_ice, serial_ice_i, serial_ice_f, serial_ice_a, serial_ice_h,
          nicolae_diode_stairs, uniq_maurice, uniq_psyche
D:11:     layout_roguey, david_lair_generic, serial_corexii_hall,
          chequers_hall_statues_corner_a, chequers_hall_statues_y
D:12:     layout_stronghold, enter_trove_2, chequers_serial_rivers_micro_a,
          minmay_misc_feat_square
D:13:     layout_loops_ring, trog_ov_bears_minmay, uniq_jorgrun, uniq_josephine
D:14:     layout_gridville, david_vaults_3, serial_shops,
          nicolae_shop_behind_doors, shop, kennysheep_mini_moat,
          nicolae_shop_tiny_real_fake_doors, chequers_serial_rivers_room_b,
          serial_bayou_lagoon_a, drop_trap
D:15:     hangedman_depths_entry_try_elsewhere_first, layout_gridville,
          bloody_makhleb, uniq_kirke, uniq_nessos
Lair:1:   gammafunk_boulding_lane, layout_cave_pods, uniq_amaemon
Lair:2:   layout_regular_city, spider_nest_entry_webs,
          grunt_forest_stairs_basic, beast_lair_carwin_5
Lair:3:   layout_cave_pods, swamp_mist
Lair:4:   layout_cave_pods, minmay_slime_entry_pillars, gauntlet_entry_generic
Lair:5:   due_jungle_book, layout_long_grid, lemuel_fruit_fields
Swamp:1:  layout_basic_swamp, serial_swamp_ruin, evilmike_swamp_ruin_house_3,
          evilmike_swamp_ruin_house_2, nicolae_swamp_stuck_in_the_mud
Swamp:2:  layout_basic_swamp, evilmike_swamp_ruin_house_1
Swamp:3:  layout_basic_swamp, evilmike_swamp_ruin_house_5, swamp_pool2
Swamp:4:  swamp_fiery, layout_basic_swamp
Spider:1: layout_spider_delve, hellmonk_narrow_tunnel, uniq_rupert
Spider:2: layout_spider_delve, hangedman_spider_tarantella_strand
Spider:3: nicolae_spider_corner, dreamdust_wasp_nest, uniq_mara, uniq_asterion,
          uniq_bai_suzhen
Spider:4: spider_rune_water, uniq_aizul
Orc:1:    layout_diamond_mine, serial_shops, shop, minmay_orc_temple_c,
          uniq_fannar
Orc:2:    grunt_orc_community_town_hall, layout_caves,
          grunt_orc_community_big_house_1, grunt_orc_community_big_house_2,
          grunt_orc_community_house_2, grunt_orc_community_house_1,
          grunt_orc_community_house_3, grunt_orc_community_house_3, uniq_azrael
Elf:1:    nicolae_elf_arrival_fired_up, layout_gridlike,
          hangedman_corner_corridor, dreamdust_mushroom_princess
Elf:2:    nicolae_elf_blades_splatter_lattice [nicolae_blade_tridents],
          layout_geoelf_octagon, serial_shops, nicolae_shop_crystal, uniq_donald
Elf:3:    minmay_elf_hall_four_x, layout_onion_city, serial_shops, shop
Vaults:1: vaults_mumra_minichess, nicolae_vaults_network_s,
          nicolae_vaults_layer_cake_slice, ontoclasm_vaults_eye,
          ontoclasm_vaults_twist, nicolae_vaults_diagonal_hallway_7, v_rooms_6,
          vaults_room_door_ring, nicolae_vaults_trapezoid_1,
          nicolae_vaults_stairing_the_circle, vaults_dpeg_cross,
          vaults_dpeg_spiral, layout_vaults_omnibox, serial_shops,
          nicolae_shop_hallway_stairs, shop, nicolae_shop_tiny_statue_garden
Vaults:2: minmay_crypt_entry_simple_plaza, v_misc_28, nicolae_vaults_prndl,
          nicolae_vaults_tetromino_T_1, hangedman_vaults_capsules,
          nicolae_vaults_trapezoid_1, ontoclasm_vaults_shout, v_misc_3,
          layout_vaults_omnigrid, uniq_boris
Vaults:3: nicolae_vaults_stepped_doors, vaults_room_stairs_pillars,
          vaults_room_door_hall, nicolae_vaults_tetromino_T_1,
          nicolae_vaults_ninety_degrees, nicolae_vaults_network_quinsquares
          [nicolae_vaults_network_quincunx_subvault,
          nicolae_vaults_network_quincunx_subvault,
          nicolae_vaults_network_quincunx_subvault,
          nicolae_vaults_network_quincunx_subvault],
          nicolae_vaults_big_angled_halls, v_misc_1, vaults_dpeg_diagonal,
          vaults_room_fours, layout_vaults_omnicross
Vaults:4: nicolae_vaults_security_offices_2, grunt_vaults_hallway_short,
          hangedman_vaults_nodes, grunt_vaults_hallway_long,
          nicolae_vaults_ring_of_whatevers, ontoclasm_vaults_fault, v_misc_12,
          nicolae_vaults_closet_pinwheel_3, nicolae_vaults_closet_pinwheel_6,
          nicolae_vaults_tangram_1, nicolae_vaults_tetromino_Z_2,
          layout_vaults_ring
Vaults:5: serial_shops
Depths:1: kennysheep_blocky_room, layout_basic, chequers_serial_rivers_micro_d,
          hell_entry, gammafunk_ghost_split, nicolae_shop_gadgets,
          serial_bayou_shore_a
Depths:2: evilmike_makhleb_hellhole, layout_cave_pools, grunt_pan_entry_sceptre,
          hell_entry, serial_shops, shop, nicolae_titane
Depths:3: lemuel_river_lethe, abyss_entry, hell_entry
Depths:4: evilmike_zot_entry_argh, layout_gridlike, enter_ziggurat_a,
          abyss_entry_small_statue_room, grunt_hell_horde, mu_enter_wizlab_5,
          nicolae_hepliaklqana_hippocampus, rand_demon_pan_entry_1,
          minmay_misc_feat_columns
Zig:12:   ziggurat_pillar_abc, ziggurat_pillar_abc, ziggurat_pillar_abc,
          ziggurat_pillar_abc

Skill      XL: |  1  2  3  4  5  6  7  8  9 10 11 12 13 14 15 16 17 18 19 20 21 22 23 24 25 26 |
---------------+-------------------------------------------------------------------------------+-----
Fighting       | 2 3 4 6 8 9 10 11 12 13 14 15 16 17 18 19 20 21 | 21.4
Dodging        | 2 3 4 6 8 9 10 11 12 13 14 15 16 17 18 19 20 21 | 21.3
Ranged Weapons | 4 5 6 7 8 9 10 11 13 14 15 16 17 18 19 20 21 22 | 22.2
Armour         | 3 6 7 9 10 12 13 14 15 16 18 19 20 | 20.4
Long Blades    | 5 |  5.1
Transmutations | 1 2 |  2.5
Spellcasting   | 1 2 |  2.2
Stealth        | 6 |  6.8

Action                     |  1- 3 |  4- 6 |  7- 9 | 10-12 | 13-15 | 16-18 | 19-21 | 22-24 | 25-27 || total
---------------------------+-------+-------+-------+-------+-------+-------+-------+-------+-------++-------
  Melee: Great sword       |       |       |       |       |     7 |       |       |       |       ||     7
         Demon blade       |       |       |       |       |       |       |       |       |   128 ||   128
         Punch             |       |       |       |       |       |       |       |       |     4 ||     4
   Fire: Shortbow          |   180 |   174 |   519 |   124 |       |       |       |       |       ||   997
         Orcbow            |       |       |       |   692 |   313 |       |       |       |       ||  1005
         Longbow           |       |       |       |       |   669 |       |       |       |       ||   669
         Heavy crossbow    |       |       |       |       |   105 |   682 |   562 |   600 |    56 ||  2005
  Evoke: Wand              |       |       |     1 |       |     1 |       |       |       |       ||     2
    Use: Scroll            |       |     7 |     2 |    17 |     5 |     5 |     8 |    19 |    15 ||    78
         Potion            |       |     1 |       |     4 |     1 |    16 |    12 |     5 |     8 ||    47
 Armour: Leather armour    |    31 |    25 |    46 |     7 |       |       |       |       |       ||   109
         Steam dragon scal |       |       |       |    49 |   130 |   128 |   166 |    42 |       ||   515
         Scale mail        |       |       |       |       |       |       |       |    33 |    68 ||   101
         Gold dragon scale |       |       |       |       |       |       |       |     1 |    46 ||    47
  Dodge: Dodged            |    70 |    86 |   186 |   520 |  1150 |  1321 |  1632 |   939 |   826 ||  6730
  Block: Other             |       |       |    51 |     6 |       |       |       |       |   113 ||   170
         Reflection        |       |       |     2 |       |       |       |       |       |       ||     2

Table legend: (Time is in decaauts)
 A = Elapsed time spent in this place.
 B = Non-inter-level travel time spent in this place.
 C = Inter-level travel time spent in this place.
 D = Time resting spent in this place.
 E = Time spent auto-exploring this place.
 F = Levels seen in this place.
 G = Mean time per level.
                   A        B        C        D        E       F      G
               +--------+--------+--------+--------+--------+-----+--------+
         Total |  49902 |  44896 |   5006 |   5216 |  27089 |  61 |  818.1 |
       Dungeon |  15618 |  13496 |   2122 |   1650 |   8955 |  15 | 1041.2 |
          Lair |   4914 |   4309 |    605 |      6 |   3426 |   5 |  982.8 |
         Swamp |   2729 |   2453 |    276 |     44 |   1785 |   4 |  682.2 |
   Spider Nest |   4244 |   3988 |    256 |    294 |   2519 |   4 | 1061.0 |
  Orcish Mines |   1535 |   1266 |    269 |      2 |    718 |   2 |  767.5 |
   Elven Halls |   2908 |   2692 |    216 |     91 |   1726 |   3 |  969.3 |
        Vaults |   7427 |   6679 |    748 |    668 |   4095 |   5 | 1485.4 |
        Depths |   6160 |   5648 |    512 |   1240 |   2616 |   4 | 1540.0 |
         Abyss |   1074 |   1074 |      0 |    214 |    508 |   3 |  358.0 |
      Ziggurat |   2155 |   2155 |      0 |    968 |    153 |  12 |  179.6 |
         Trove |     94 |     94 |      0 |      0 |     50 |   1 |   94.0 |
       Ossuary |    457 |    457 |      0 |      0 |    332 |   1 |  457.0 |
        Bailey |    284 |    284 |      0 |     37 |    100 |   1 |  284.0 |
      Gauntlet |    296 |    296 |      0 |      0 |    103 |   1 |  296.0 |
               +--------+--------+--------+--------+--------+-----+--------+

Top non-repeatable levels by time:
Depths:3: 2361 daAuts
     D:7: 2000 daAuts
Vaults:5: 1791 daAuts
Vaults:4: 1534 daAuts
     D:4: 1475 daAuts
Vaults:2: 1426 daAuts
Depths:4: 1400 daAuts
Vaults:1: 1368 daAuts
   Elf:3: 1353 daAuts
     D:5: 1317 daAuts
    D:11: 1316 daAuts
Vaults:3: 1305 daAuts
Depths:1: 1299 daAuts
Spider:4: 1289 daAuts
Spider:3: 1208 daAuts
